 Dungeon Crawl Stone Soup version 0.19-a0-376-gf780d9b (webtiles) character file.

140 Ijustatesigmund the Skirmisher (level 5, -1/52 HPs)
             Began as a Hill Orc Fighter on May 30, 2016.
             Slain by Sigmund
             ... wielding a +0 scythe
              (4 damage)
             ... on level 3 of the Dungeon.
             The game lasted 00:05:11 (2121 turns).

Ijustatesigmund the Skirmisher (Hill Orc Fighter)   Turns: 2121, Time: 00:05:12

Health: -1/52      AC: 10    Str: 24    XL:     5   Next: 23%
Magic:  5/5        EV:  5    Int: 11    God:
Gold:   143        SH:  9    Dex:  9    Spells: 0 memorised, 4 levels left

rFire  . . .     SeeInvis .     a - +0 war axe
rCold  . . .     Gourm    .     k - +0 chain mail
rNeg   . . .     Faith    .     c - +0 shield
rPois  .         Spirit   .     o - +0 helmet
rElec  .         Dismiss  .     (no cloak)
rCorr  .         Reflect  .     (no gloves)
SustAt .         Harm     .     (no boots)
MR     .....                    (no amulet)
Stlth  ..........               (no ring)
                                b - +3 ring of intelligence

@: mighty, not resistant to hostile enchantments, extremely unstealthy
A: clumsy 1, robust 1, screaming 1
a: no special abilities


You were on level 3 of the Dungeon.
You were hungry.

You visited 1 branch of the dungeon, and saw 3 of its levels.

You collected 143 gold pieces.

Inventory:

Hand Weapons
 a - a +0 war axe (weapon)
Armour
 c - a +0 shield (worn)
 k - a +0 chain mail (worn)
 o - a +0 helmet (worn)
Jewellery
 b - a +3 ring of intelligence (left hand)
Scrolls
 e - a scroll of identify
 h - a scroll of remove curse
Comestibles
 f - 2 bread rations
 n - a royal jelly


   Skills:
 + Level 5.4 Fighting
 + Level 4.9 Axes
 + Level 3.5 Armour
 + Level 3.4 Shields


You had 4 spell levels left.
You didn't know any spells.

Dungeon Overview and Level Annotations

Branches:
Dungeon (3/15)

Altars:
Kikubaaqudgha
Pakellas

Annotations:
D:3 Sigmund


Innate Abilities, Weirdness & Mutations

You are clumsy. (Dex -2)
You are robust. (+10% HP)
You occasionally shout uncontrollably at your foes.


Message History

Pain shoots through your body!
* * * LOW HITPOINT WARNING * * *
Something hits you.
* * * LOW HITPOINT WARNING * * *
You block the orc priest's attack.
You slice the orc priest!!
You kill the orc priest!
You have reached level 5!
You feel stronger. Something completely misses you.
Something hits you but does no damage.
You are feeling hungry.
Something hits you!
* * * LOW HITPOINT WARNING * * *
Something hits you but does no damage.
You feel extremely strange.
You feel the urge to shout.
You feel clumsy.
You feel robust. You block something's attack. Something hits you.
You die...

#.#.# #.# # ####.#.#
#.# # ....#.####.# #
#.......#.# #.........#
#.......### #.......#
##.......###
#....@.))..####
#....................#
#.###......(... ..##.#
#............#####.##.#
#..#..................#
.......#....##......#
..#....#....(##.......
...#.#.###..#.##......#
#....#..##
##............


There were no monsters in sight!

Vanquished Creatures
  An orc priest (D:3)
  2 adders (D:2)
  6 worms
  A dart slug (D:1)
  4 giant geckos
  3 orcs (D:3)
  3 giant cockroaches
  9 goblins
  5 hobgoblins (D:1)
  4 jackals (D:2)
  A quokka (D:2)
  2 ball pythons
  4 bats
  5 giant newts
  5 kobolds
  12 rats
  A rat zombie (D:2)
68 creatures vanquished.

Notes
Turn   | Place    | Note
--------------------------------------------------------------
     0 | D:1      | Ijustatesigmund the Hill Orc Fighter began the quest for the Orb.
     0 | D:1      | Reached XP level 1. HP: 19/19 MP: 1/1
   178 | D:1      | Reached skill level 4 in Fighting
   206 | D:1      | Reached XP level 2. HP: 27/27 MP: 2/2
   386 | D:1      | Reached XP level 3. HP: 31/34 MP: 3/3
   846 | D:1      | Found an oddly glowing altar of Pakellas.
  1020 | D:2      | Found an ancient bone altar of Kikubaaqudgha.
  1128 | D:2      | Reached XP level 4. HP: 25/41 MP: 4/4
  1299 | D:2      | Reached skill level 5 in Fighting
  2080 | D:3      | Noticed Sigmund
  2113 | D:3      | Reached XP level 5. HP: 9/48 MP: 5/5
  2116 | D:3      | HP: 2/48 [something (7)]
  2119 | D:3      | Gained mutation: You occasionally shout uncontrollably at your foes. [potion of mutation]
  2119 | D:3      | Gained mutation: You are clumsy. (Dex -2) [potion of mutation]
  2119 | D:3      | Gained mutation: You are robust. (+10% HP) [potion of mutation]
  2121 | D:3      | Slain by Sigmund

Vault maps used:
D:1:      dpeg_arrival_water_altar, st_stairs_11, nrook_mini_backslash
D:2:      lemuel_zombie_altar_kikubaaqudgha, first_bread,
          kennysheep_big_empty_room
D:3:      gammafunk_temple_overflow_pools, uniq_sigmund, uniq_robin,
          uniq_jessica, uniq_terence

Skill      XL: |  1  2  3  4 |
---------------+-------------+-----
Axes           | 3 4 |  4.9
Fighting       | 4 5 |  5.4
Armour         | |  3.5
Shields        | |  3.4

Action                   |  1- 3 |  4- 6 || total
-------------------------+-------+-------++-------
Melee: War axe           |   160 |    93 ||   253
  Use: Scroll            |       |    10 ||    10
       Potion            |       |     3 ||     3
  Eat: Chunk             |     1 |     3 ||     4
Armor: Scale mail        |    45 |       ||    45
       Chain mail        |    33 |    58 ||    91
Dodge: Dodged            |    44 |    14 ||    58
Block: Shield            |    76 |    43 ||   119
